 Dungeon Crawl Stone Soup version 0.26-a0-812-g31a745ddcd (webtiles) character file.

Game seed: 6364670302874739119

2345 kae the Scholar of Death (level 9, -2/57 HPs)
             Began as a Mummy Necromancer on Dec 3, 2020.
             Was a Follower of Kikubaaqudgha.
             Shot with an arrow by a centaur (15 damage)
             ... on level 7 of the Dungeon.
             The game lasted 00:13:11 (10652 turns).

kae the Scholar of Death (Mummy Necromancer)       Turns: 10652, Time: 00:13:11

Health: -2/57      AC:  9    Str: 11    XL:     9   Next: 20%
Magic:  20/20      EV: 15    Int: 23    God:    Kikubaaqudgha [*.....]
Gold:   375        SH:  0    Dex: 13    Spells: 7/23 levels left

rFire    x . .     SeeInvis .   l - +0 whip
rCold    + . .     Faith    .   (no shield)
rNeg     + + +     Spirit   .   a - +0 robe
rPois    ∞         Reflect  .   (no helmet)
rElec    .         Harm     .   (no cloak)
rCorr    .         Rampage  .   n - +2 pair of gloves
MR       +....                  (no boots)
Stlth    ++........             (no amulet)
HPRegen  0.19/turn              i - +6 ring of intelligence
MPRegen  0.17/turn              f - +4 ring of protection

@: no status effects
A: no potions, fire vulnerability, cold resistance 1, negative energy resistance
3, torment resistance, unbreathing
a: Receive Corpses, Renounce Religion


You were on level 7 of the Dungeon.
You worshipped Kikubaaqudgha.
Kikubaaqudgha was aware of your devotion.
You visited 2 branches of the dungeon, and saw 8 of its levels.
You also visited: Sewer and Ossuary.

You collected 375 gold pieces.

Inventory:

Hand Weapons
 k - a +0 club
 l - a +0 whip (weapon)
Armour
 a - a +0 robe (worn)
 n - a +2 pair of gloves (worn)
Jewellery
 c - an uncursed ring of magical power
 d - an uncursed ring of ice
 f - a +4 ring of protection (right hand)
 h - an uncursed ring of stealth
 i - a +6 ring of intelligence (left hand)
 p - an uncursed amulet of magic regeneration {unknown}
Wands
 o - a wand of paralysis (11)
Scrolls
 b - 2 scrolls of blinking
 e - 6 scrolls of identify
 g - 8 scrolls of remove curse
 j - a scroll of random uselessness
 m - 2 scrolls of teleportation
 q - a scroll of immolation {unknown}
 r - a scroll of amnesia
 s - 2 scrolls of fog {unknown}


   Skills:
 + Level 5.3 Dodging
 - Level 1.5 Stealth
 + Level 7.8 Spellcasting
 * Level 9.7 Necromancy


You had 7 spell levels left.
You knew the following spells:

 Your Spells              Type           Power        Failure   Level
a - Pain                  Necr           ####         1%          1
b - Animate Skeleton      Necr           ######       1%          1
c - Vampiric Draining     Necr           ######....   1%          3
d - Animate Dead          Necr           ######....   1%          4
e - Corpse Rot            Necr/Air       N/A          1%          2
f - Agony                 Necr           ######..     3%          5

Your spell library contained the following spells:

 Spells                   Type           Power        Failure   Level
 Magic Dart               Conj           #...         7%          1
 Blink                    Tloc           N/A          11%         2
 Call Imp                 Summ           #.......     11%         2
 Slow                     Hex            #.......     11%         2
 Conjure Flame            Conj/Fire      #.......     22%         3
 Mephitic Cloud           Conj/Pois/Air  #.......     22%         3


Dungeon Overview and Level Annotations

Branches:
Dungeon (7/15)             Temple (1/1) D:5           Sewer (visited)
Ossuary (visited)

Altars:
Ashenzari
Cheibriados
Dithmenos
Elyvilon
Fedhas
Gozag
Hepliaklqana
Kikubaaqudgha
Makhleb
Nemelex Xobeh
Okawaru
Qazlal
Ru
Sif Muna
Trog
Uskayaw
Vehumet
Wu Jian
Xom
Yredelemnul
Zin
The Shining One

Shops:
D:7 =

Annotations:
D:4 1 transporter, PanSaczeczos's ghost, novice FoEE
D:5 Grinder
D:7 1 runed translucent door, Crazy Yiuf


Innate Abilities, Weirdness & Mutations

You do not drink.
Your flesh is vulnerable to fire.
You are immune to poison.
Your flesh is cold resistant. (rC+)
You are immune to negative energy. (rN+++)
You are immune to unholy pain and torment.
You can survive without breathing.


Message History

The iron imp hits you!
You closely miss the iron imp.
The iron imp is almost dead.
The iron imp hits you but does no damage.
You barely miss the iron imp.
The iron imp is almost dead.
You closely miss the iron imp.
The iron imp is almost dead.
The iron imp closely misses you.
You hit the iron imp but do no damage.
The iron imp is almost dead.
The iron imp misses you.
You hit the iron imp.
You kill the iron imp!
Kikubaaqudgha accepts your kill.
The centaur shoots an arrow.
The arrow hits you!
* * * LOW HITPOINT WARNING * * *
The centaur shoots an arrow.
The arrow hits you!
You die...
Kikubaaqudgha rasps: "You have failed me!
Welcome... oblivion!"

..............# #....
..............# #....
......_.......# #....
..............########....
.....................#....
.###.....###.........#....
#....c# ....(....#....
#....(## #.......#....
###.##@# #..........#'
#...!####........###.
####...........#.# #†
#######.....#.# #.
#.#####.# #. #.# #.# #.
#.# #.. .. #.# ### #. #..
#.


You could see a centaur.

Vanquished Creatures
  Prince Ribbit (D:5)
  A yak (D:7)
  A water moccasin (D:7)
  An orc warrior (D:5)
  A phantom (D:6)
  An ice beast (D:7)
  2 sky beasts
  A black bear (D:6)
  2 ogres
  2 bullfrogs
  A scorpion (D:4)
  A howler monkey (D:5)
  A centaur zombie (D:7)
  A bullfrog skeleton (D:4)
  3 orc priests
  3 hounds
  An iguana (D:6)
  An iron imp (D:7)
  2 orc wizards
  8 worker ants
  3 hound skeletons
  A mummy (D:4)
  A worker ant zombie (D:7)
  Robin (D:4)
  3 gnolls (D:4)
  14 adders
  An ufetubus (D:5)
  An ooze (D:5)
  An adder skeleton (D:4)
  4 worms
  2 dart slugs (D:1)
  6 leopard geckos
  15 orcs
  3 bats
  5 giant cockroaches
  4 hobgoblins
  6 jackals
  6 quokkas
  2 ball pythons (D:3)
  9 frilled lizards
  14 goblins
  4 kobolds
  10 rats
151 creatures vanquished.

Vanquished Creatures (collateral kills)
  An ogre (D:5)
  A kobold (D:3)
  A frilled lizard (D:5)
3 creatures vanquished.

Grand Total: 154 creatures vanquished

Notes
Turn   | Place    | Note
-------+----------+-------------------------------------------
     0 | D:1      | kae the Mummy Necromancer began the quest for the Orb.
     0 | D:1      | Reached XP level 1. HP: 13/13 MP: 4/4
   400 | D:1      | Reached XP level 2. HP: 1/19 MP: 0/6
   696 | D:1      | Learned a level 1 spell: Animate Skeleton
  1360 | D:2      | Reached XP level 3. HP: 24/24 MP: 4/7
  1365 | D:2      | Learned a level 3 spell: Vampiric Draining
  1551 | D:2      | Found a stormy altar of Qazlal.
  1603 | D:2      | Found an iron altar of Okawaru.
  2313 | D:3      | Found a glowing drain.
  2331 | D:3      | Reached XP level 4. HP: 27/30 MP: 9/9
  2355 | Sewer    | Entered a sewer
  2438 | Sewer    | Reached skill level 5 in Necromancy
  2469 | Sewer    | Noticed Purgy
  2702 | Sewer    | Learned a level 4 spell: Animate Dead
  3428 | D:3      | Reached XP level 5. HP: 17/35 MP: 8/11
  3699 | D:4      | Identified the +1 great mace of Homuitw Agix {drain, +Fly
                  | MR- Int+6}
  3699 | D:4      | Noticed an ogre
  3699 | D:4      | Noticed PanSaczeczos's ghost (novice FoEE)
  3715 | D:4      | Noticed Robin
  3795 | D:4      | Found a sand-covered staircase.
  3828 | Ossuary  | Entered an ossuary
  4573 | D:4      | Killed Robin
  5002 | D:4      | Reached XP level 6. HP: 36/41 MP: 12/12
  5090 | D:4      | Reached skill level 6 in Necromancy
  5649 | D:4      | Found a transporter.
  5684 | D:4      | Found a transporter.
  5896 | D:4      | Found a shimmering blue altar of Sif Muna.
  6033 | D:5      | Entered Level 5 of the Dungeon
  6081 | D:5      | Noticed an orc warrior
  6096 | D:5      | Killed an orc warrior
  6096 | D:5      | Reached skill level 5 in Spellcasting
  6096 | D:5      | Reached XP level 7. HP: 15/46 MP: 6/14
  6564 | D:5      | Reached skill level 7 in Necromancy
  6616 | D:5      | Found a staircase to the Ecumenical Temple.
  6712 | Temple   | Entered the Ecumenical Temple
  6962 | Temple   | Became a worshipper of Kikubaaqudgha
  7270 | D:5      | Found a sparkling altar of Nemelex Xobeh.
  7529 | D:5      | Noticed Prince Ribbit
  7542 | D:5      | Killed Prince Ribbit
  7542 | D:5      | Reached XP level 8. HP: 20/52 MP: 5/17
  8026 | D:5      | Reached skill level 8 in Necromancy
  8470 | D:6      | Reached * piety under Kikubaaqudgha
  8470 | D:6      | Identified Kikubaaqudgha's Papyrus of Necromancy
                  | (Kikubaaqudgha gifted it to you on level 6 of the Dungeon)
  8470 | D:6      | Received a gift from Kikubaaqudgha
  8591 | D:6      | Found a radiant altar of Vehumet.
  8636 | D:6      | Learned a level 2 spell: Corpse Rot
  8642 | D:6      | Learned a level 5 spell: Agony
  8821 | D:6      | Noticed Grinder
  9557 | D:6      | Reached skill level 9 in Necromancy
  9763 | D:7      | Reached skill level 5 in Dodging
  9910 | D:7      | Reached XP level 9. HP: 57/57 MP: 11/20
 10148 | D:7      | Found a runed translucent door.
 10149 | D:7      | Noticed Crazy Yiuf
 10278 | D:7      | Found Igirien's Jewellery Emporium.
 10624 | D:7      | Found a snail-covered altar of Cheibriados.
 10652 | D:7      | Shot with an arrow by a centaur

Illustrated notes

Levels and vault maps discovered:
D:1:      saegor_arrival_simple_c, layout_rooms
D:2:      layout_loops_corners, grunt_qazlal_sundering, lemuel_altar_in_water
D:3:      minmay_angry_zag, layout_rooms, gup_sewer_entry_glass
D:4:      layout_gridville, lemuel_blue_sif_altar, nicolae_ossuary_entry_giza,
          gammafunk_ghost_smash, minmay_misc_feat_alley, uniq_robin
D:5:      layout_cave_pods, minmay_temple_entry_ruins,
          nemelex_xobeh_ov_fountains_minmay, uniq_prince_ribbit1
D:6:      layout_loops_cross, vehumet_crystals, uniq_grinder
D:7:      layout_basic, slow_altar_1, serial_shops, nicolae_shop_waterfront,
          uniq_crazy_yiuf_cottage
Temple:   eino_narrow_crystal_temple

Skill      XL: |  1  2  3  4  5  6  7  8 |
---------------+-------------------------+-----
Spellcasting   | 3 4 5 6 7 |  7.8
Dodging        | 2 3 4 5 |  5.3
Necromancy     | 5 6 7 9 |  9.7
Stealth        | |  1.5

Action                   |  1- 3 |  4- 6 |  7- 9 || total
-------------------------+-------+-------+-------++-------
Melee: Unarmed           |    24 |    39 |       ||    63
       Whip              |       |    92 |   177 ||   269
       Club              |       |     6 |       ||     6
 Cast: Pain              |    67 |   120 |   192 ||   379
       Animate Skeleton  |     4 |     4 |     3 ||    11
       Vampiric Draining |       |     2 |     8 ||    10
       Animate Dead      |       |     3 |     5 ||     8
       Agony             |       |       |     1 ||     1
Evoke: Wand              |       |       |     1 ||     1
  Use: Scroll            |     7 |       |     1 ||     8
 Stab: Paralysed         |       |       |    10 ||    10
       Distracted        |       |       |     1 ||     1
Armor: Robe              |    12 |    53 |    81 ||   146
Dodge: Dodged            |    25 |   149 |   202 ||   376

Table legend: (Time is in decaauts)
 A = Elapsed time spent in this place.
 B = Non-inter-level travel time spent in this place.
 C = Inter-level travel time spent in this place.
 D = Time resting spent in this place.
 E = Time spent auto-exploring this place.
 F = Levels seen in this place.
 G = Mean time per level.
                   A        B        C        D        E       F      G
               +--------+--------+--------+--------+--------+-----+--------+
         Total |  10737 |  10437 |    300 |   2743 |   5976 |  10 | 1073.7 |
       Dungeon |   9890 |   9651 |    239 |   2565 |   5488 |   7 | 1412.9 |
        Temple |    265 |    204 |     61 |      0 |    202 |   1 |  265.0 |
         Sewer |    415 |    415 |      0 |     52 |    280 |   1 |  415.0 |
       Ossuary |    165 |    165 |      0 |    126 |      5 |   1 |  165.0 |
               +--------+--------+--------+--------+--------+-----+--------+

Top non-repeatable levels by time:
     D:4: 2363 daAuts
     D:3: 1515 daAuts
     D:5: 1509 daAuts
     D:6: 1433 daAuts
     D:1: 1313 daAuts
     D:7: 918 daAuts
     D:2: 837 daAuts
   Sewer: 415 daAuts
  Temple: 265 daAuts
 Ossuary: 165 daAuts
